 Dungeon Crawl Stone Soup version 0.21.1-1-g345015fe64 (webtiles) character file.

82715 Oravi the Blocker (level 16, 0/116 HPs)
             Began as a Halfling Fighter on Mar 25, 2018.
             Was a High Priest of Okawaru.
             Slain by a snapping turtle (17 damage)
             ... on level 1 of the Shoals.
             The game lasted 04:42:49 (35539 turns).

Oravi the Blocker (Halfling Fighter)               Turns: 35539, Time: 04:42:49

Health: 0/116      AC: 21    Str: 22    XL:     16   Next: 22%
Magic:  20/20      EV: 21    Int:  8    God:    Okawaru [*****.]
Gold:   2134       SH: 19    Dex: 22    Spells: 15/15 levels left

rFire    + . .     SeeInvis .   a - +3 quick blade "Dragonslayer" {protect, Int+2 Dex+4}
rCold    . . .     Gourm    .   Q - +2 shield {rPois}
rNeg     . . .     Faith    .   U - +0 chain mail {rF+}
rPois    +         Spirit   .   R - +2 hat
rElec    .         Reflect  .   N - scarf {cloud immunity}
rCorr    +         Harm     .   d - +2 pair of gloves
MR       +....                  s - +0 pair of boots
Stlth    ..........             (no amulet)
HPRegen  0.29/turn              r - +2 ring of strength
MPRegen  0.17/turn              H - ring of resist corrosion

@: lethally poisoned (0 -> -4), heroism, slowed, very slow
A: small, mutation resistance 1
a: Heroism, Finesse, Renounce Religion


You were on level 1 of the Shoals.
You worshipped Okawaru.
Okawaru was extremely pleased with you.
You were hungry.

You visited 7 branches of the dungeon, and saw 24 of its levels.

You collected 2134 gold pieces.

Inventory:

Hand Weapons
 a - the +3 quick blade "Dragonslayer" (weapon) {protect, Int+2 Dex+4}
   (Okawaru gifted it to you on level 6 of the Lair of Beasts)

   It protects the one who uses it against injury (+AC on strike).
   It affects your intelligence (+2).
   It affects your dexterity (+4).
 b - the +4 hunting sling of Winter {freeze, rC+ MP+9}
   (You found it on level 3 of the Lair of Beasts)

   It causes projectiles fired from it to freeze those they strike, causing
   extra injury to most foes and up to half again as much damage against
   particularly susceptible opponents.
   They can also slow down cold-blooded creatures.
   It protects you from cold.
   It affects your magic capacity (+9).
 e - a +1 dagger of speed
 g - a +1 short sword of distortion
 v - a +0 short sword of electrocution
 M - a +1 dagger of venom
 O - a +0 short sword of protection
Armour
 d - a +2 pair of gloves (worn)
 h - the +0 robe "Koorph" {*Slow MR- Regen+ Dex+8}
   (Okawaru gifted it to you on level 1 of the Lair of Beasts)

   It affects your dexterity (+8).
   It affects your resistance to hostile enchantments.
   It increases your rate of regeneration.
   It may slow you when you take damage.
 k - a +0 cloak
 s - a +0 pair of boots (worn)
 N - a scarf of cloud immunity (worn)
 Q - a +2 shield of poison resistance (worn)
 R - a +2 hat (worn)
 U - a +0 chain mail of fire resistance (worn)
Jewellery
 r - a +2 ring of strength (left hand)
 w - an uncursed ring of see invisible
 y - an uncursed ring of flight
 H - a ring of resist corrosion (right hand)
 W - an uncursed ring of fire
Wands
 u - a wand of random effects (2)
 A - a wand of iceblast (10)
 D - a wand of enslavement (1)
 G - a wand of acid (16)
 T - a wand of polymorph (12)
Scrolls
 m - 5 scrolls of magic mapping
 n - 6 scrolls of teleportation
 o - 5 scrolls of enchant armour
 p - 5 scrolls of identify
 q - 9 scrolls of remove curse
 z - 2 scrolls of fog
 B - a scroll of vulnerability
 E - 5 scrolls of amnesia
 F - 3 scrolls of fear
 V - a scroll of enchant weapon {unknown}
 X - a scroll of silence
Potions
 c - a potion of berserk rage {unknown}
 i - 4 potions of agility
 j - 2 potions of brilliance
 l - 3 potions of flight
 x - 2 potions of curing
 C - 3 potions of haste
 I - a potion of might
 J - a potion of cancellation
 S - a potion of ambrosia
Books
 L - a book of Maledictions

   Spells                             Type                      Level
   a - Corona                         Hexes                        1
   b - Ensorcelled Hibernation        Hexes/Ice                    2
   c - Confuse                        Hexes                        3
   d - Tukima's Dance                 Hexes                        3
   e - Dazzling Spray                 Conjuration/Hexes            3
Comestibles
 f - 15 rations


   Skills:
 + Level 12.8(17.8) Fighting
 + Level 13.3(18.3) Short Blades
 + Level 13.9(18.9) Slings
 + Level 11.7(16.7) Armour
 + Level 7.8(12.8) Dodging
 + Level 14.0(19.0) Shields
 + Level 5.6 Invocations
 - Level 2.2 Evocations


You had 15 spell levels left.
You didn't know any spells.

Dungeon Overview and Level Annotations

Branches:
Dungeon (12/15)            Temple (1/1) D:5            Lair (6/6) D:10
 Shoals (1/4) Lair:3       Spider (0/4) Lair:3        Slime (1/5) Lair:6
    Orc (2/2) D:9             Elf (1/3) Orc:2

Altars:
Ashenzari
Cheibriados
Dithmenos
Elyvilon
Fedhas
Gozag
Hepliaklqana
Kikubaaqudgha
Makhleb
Nemelex Xobeh
Okawaru
Qazlal
Ru
Sif Muna
Trog
Uskayaw
Vehumet
Wu Jian
Xom
Yredelemnul
Zin
The Shining One
Jiyva

Shops:
D:11 *   Orc:2 }[!%?   Shoals:1 [


Innate Abilities, Weirdness & Mutations

You are small and have problems with some larger weapons.
You are somewhat resistant to further mutation.


Message History

You feel strangely unstable.
You feel sick. You block the hog's attack. The sea snake closely misses you.
The hog bites you but does no damage.
Your surroundings suddenly seem different.
You feel sick.
A snapping turtle comes into view.
The snapping turtle hisses angrily.
A merfolk comes into view. It is wielding a lajatang.
The merfolk shouts!
You enter the shallow water.
Moving in this stuff is going to be slow.
You feel very sick.
The snapping turtle completely misses you.
You block the snapping turtle's attack. The merfolk misses you.
The snapping turtle bites you but does no damage.
You are no longer glowing.
You feel sick. You block the merfolk's attack.
The snapping turtle completely misses you.
You feel sick. You block the merfolk's attack.
The snapping turtle bites you from afar!
You die...

≈≈≈.....#=.........≈≈≈≈≈≈≈≈≈≈≈≈≈
≈≈≈..≈≈...............≈≈≈≈≈≈≈≈≈≈
≈≈≈≈.≈≈≈≈≈.............≈≈≈≈≈≈≈≈≈
≈≈≈≈≈≈≈≈≈≈≈≈≈≈.........≈≈≈≈≈≈≈≈≈
≈≈≈≈≈≈≈≈≈≈≈≈≈≈≈≈≈≈≈...♣.≈≈≈≈≈≈≈≈
.≈...≈≈≈≈≈≈≈≈≈≈≈≈≈≈≈♣.∩≈♣≈≈≈≈≈≈≈
.....≈≈≈≈≈≈≈≈≈≈≈≈≈≈≈≈≈♣≈≈.≈≈≈≈≈≈
.≈≈.....≈.###.≈≈≈≈≈..≈≈......≈≈≈
%.....≈≈.##..tm@≈...........≈≈≈
≈≈≈≈...≈≈≈≈.........(..≈≈≈
≈≈≈≈≈≈≈≈≈≈≈≈....≈≈.....≈≈≈
≈≈≈≈≈≈≈≈≈≈≈≈##..≈≈.....≈≈≈
≈≈≈≈≈≈≈≈≈≈≈.....≈≈≈≈≈≈≈≈
≈≈≈≈≈≈≈≈≈≈≈.....≈≈≈≈≈≈
≈≈≈≈≈≈≈≈≈≈≈≈..≈≈ ≈
≈≈≈≈≈≈≈≈≈≈≈≈≈≈≈≈


You could see a snapping turtle and a merfolk.

Vanquished Creatures
  Rupert (Lair:4)
  Gastronok (Lair:1)
  Aizul (Shoals:1)
  8 hydras
  2 ogre magi (Orc:2)
  2 catoblepae
  A merfolk avatar (Shoals:1)
  13 two-headed ogres
  An orc high priest (Orc:2)
  Sonja (Orc:2)
  Urug (Lair:4)
  4 sea snakes (Shoals:1)
  2 deep trolls (D:9)
  A wolf spider (Lair:6)
  3 harpies (Shoals:1)
  3 cyclopes
  9 black mambas (Lair:6)
  4 fauns (Shoals:1)
  3 oklob plants
  2 centaur zombies
  5 elephants
  A water nymph (Shoals:1)
  A guardian serpent (Lair:6)
  2 merfolk sirens (Lair:3)
  Psyche (D:8)
  A torpor snail (Lair:3)
  11 spiny frogs
  3 komodo dragons
  6 polar bears
  A harpy zombie (D:12)
  2 merfolk (Lair:3)
  13 trolls
  17 blink frogs
  3 hornets (Lair:6)
  8 hippogriffs
  3 snapping turtles (Shoals:1)
  A water elemental (Shoals:1)
  14 wyverns
  The ghost of epok the Ruffian, an amateur TrMo (D:4)
  3 hogs (Shoals:1)
  4 redbacks (Lair:6)
  72 yaks
  3 hungry ghosts
  A basilisk (Lair:3)
  3 wargs
  24 water moccasins
  An acid dragon (D:9)
  Duvessa (D:3)
  11 orc warriors
  8 porcupines
  2 black bears
  3 phantoms
  3 ice beasts
  A sky beast (D:5)
  2 necrophages
  28 wolves
  8 centaurs
  24 ogres
  8 crocodiles
  8 bullfrogs
  A water moccasin zombie (D:9)
  Dowan (D:3)
  A scorpion (D:6)
  6 killer bees (D:8)
  2 electric eels (D:10)
  3 wights (D:11)
  3 howler monkeys
  10 jellies
  2 crimson imps
  A bullfrog skeleton (D:7)
  3 bullfrog zombies
  6 hounds
  A centaur skeleton (D:11)
  15 orc priests
  18 orc wizards
  2 iguanas
  Natasha (D:2)
  11 hell rats (Lair:1)
  6 worker ants
  2 hound zombies
  2 worker ant zombies
  4 gnolls (D:5)
  A howler monkey zombie (D:5)
  13 adders
  16 river rats (Lair:1)
  2 shadow imps
  14 oozes
  An adder skeleton (D:7)
  An adder zombie (D:5)
  A worm (D:2)
  4 dart slugs
  2 leopard geckos (D:2)
  98 orcs
  3 ball pythons
  4 bats
  6 giant cockroaches
  5 goblins
  10 hobgoblins
  18 jackals
  5 kobolds
  10 quokkas
  2 frilled lizards
  A leopard gecko skeleton (D:7)
  15 rats
  A plant (Lair:1)
709 creatures vanquished.

Vanquished Creatures (others)
  A butterfly (Lair:3)
  25 fungi
  21 plants
47 creatures vanquished.

Grand Total: 756 creatures vanquished

Notes
Turn   | Place    | Note
-------+----------+-------------------------------------------
     0 | D:1      | Oravi the Halfling Fighter began the quest for the Orb.
     0 | D:1      | Reached XP level 1. HP: 15/15 MP: 1/1
     3 | D:1      | Noticed an electric eel
     3 | D:1      | Noticed an electric eel
    59 | D:1      | Reached XP level 2. HP: 20/20 MP: 2/2
   345 | D:1      | Reached XP level 3. HP: 26/26 MP: 3/3
  1202 | D:2      | Reached XP level 4. HP: 21/31 MP: 4/4
  1335 | D:2      | Found a radiant altar of Vehumet.
  1960 | D:2      | Noticed Natasha
  1968 | D:2      | Killed Natasha
  1968 | D:2      | Reached skill level 1 in Dodging
  2119 | D:3      | Reached skill level 4 in Shields
  2119 | D:3      | Reached XP level 5. HP: 27/36 MP: 5/5
  2420 | D:3      | Reached XP level 6. HP: 10/42 MP: 6/6
  3287 | D:4      | Noticed Duvessa
  3287 | D:4      | Noticed Dowan
  3423 | D:4      | Reached skill level 1 in Slings
  3873 | D:4      | Noticed epok's ghost (amateur TrMo)
  4377 | D:3      | Killed Duvessa
  4377 | D:3      | Reached XP level 7. HP: 46/46 MP: 7/7
  4401 | D:3      | Killed Dowan
  4883 | D:5      | Entered Level 5 of the Dungeon
  5022 | D:5      | Reached skill level 5 in Short Blades
  5022 | D:5      | Reached skill level 5 in Armour
  5235 | D:5      | Reached skill level 5 in Shields
  5235 | D:5      | Reached XP level 8. HP: 42/54 MP: 8/8
  5256 | D:5      | Reached skill level 5 in Slings
  5877 | D:5      | Found a staircase to the Ecumenical Temple.
  5886 | Temple   | Entered the Ecumenical Temple
  5908 | Temple   | Became a worshipper of Warmaster Okawaru
  6693 | D:6      | Reached * piety under Okawaru
  6785 | D:6      | Reached XP level 9. HP: 48/59 MP: 9/9
  7423 | D:6      | Noticed an oklob plant
  7685 | D:6      | Killed an oklob plant
  7685 | D:6      | Reached ** piety under Okawaru
  7685 | D:6      | Reached skill level 5 in Fighting
  7685 | D:6      | Reached skill level 6 in Shields
  8077 | D:7      | Reached skill level 10 in Slings
  8077 | D:7      | Reached skill level 1 in Evocations
  8536 | D:7      | Reached XP level 10. HP: 52/66 MP: 11/11
  8829 | D:8      | Noticed Psyche
  8849 | D:8      | Killed Psyche
  9081 | D:8      | Noticed a two-headed ogre
  9100 | D:8      | Killed a two-headed ogre
  9100 | D:8      | Reached *** piety under Okawaru
  9575 | D:8      | Reached skill level 7 in Shields
 10230 | D:9      | Noticed a two-headed ogre
 10247 | D:9      | Killed a two-headed ogre
 10247 | D:9      | Reached skill level 1 in Invocations
 10553 | D:9      | Found a staircase to the Orcish Mines.
 10697 | D:9      | Received a gift from Okawaru
 10697 | D:9      | Reached XP level 11. HP: 65/75 MP: 9/12
 11635 | D:4      | Killed epok's ghost
 11798 | D:10     | Entered Level 10 of the Dungeon
 11835 | D:10     | Reached **** piety under Okawaru
 11879 | D:10     | Received a gift from Okawaru
 12165 | D:10     | Reached skill level 10 in Short Blades
 12165 | D:10     | Reached skill level 8 in Shields
 13153 | D:10     | Reached ***** piety under Okawaru
 13673 | D:10     | Found a staircase to the Lair.
 13762 | D:10     | Noticed a two-headed ogre
 13774 | D:10     | Killed a two-headed ogre
 14533 | Orc:1    | Entered Level 1 of the Orcish Mines
 14590 | Orc:1    | Received a gift from Okawaru
 14612 | Orc:1    | Reached XP level 12. HP: 70/83 MP: 13/13
 15034 | Orc:2    | Entered Level 2 of the Orcish Mines
 15034 | Orc:2    | Found Elufriri's Gadget Shop.
 15048 | Orc:2    | Noticed an orc high priest
 15088 | Orc:2    | Noticed a two-headed ogre
 15557 | D:9      | Killed a two-headed ogre
 15798 | Orc:2    | Noticed a deep troll
 15807 | Orc:1    | Reached skill level 5 in Dodging
 15910 | Orc:2    | Noticed a two-headed ogre
 16272 | Orc:2    | Noticed a deep troll
 16304 | D:9      | Killed a deep troll
 16304 | D:9      | Reached skill level 9 in Shields
 16811 | Lair:1   | Entered Level 1 of the Lair of Beasts
 17070 | Lair:1   | Noticed Gastronok
 17710 | D:11     | Noticed a two-headed ogre
 17721 | D:11     | Killed a two-headed ogre
 18041 | D:11     | Noticed a two-headed ogre
 18053 | D:11     | Killed a two-headed ogre
 18112 | D:11     | Found Pexkadog's General Store.
 18563 | D:12     | Noticed a seven-headed hydra
 18864 | D:11     | Killed a seven-headed hydra
 18864 | D:11     | Reached XP level 13. HP: 36/90 MP: 12/14
 19134 | D:12     | Reached skill level 10 in Shields
 19931 | Orc:1    | Received a gift from Okawaru
 21119 | Orc:2    | Reached skill level 11 in Shields
 21136 | Orc:2    | Received a gift from Okawaru
 21488 | Orc:1    | Received a gift from Okawaru
 21488 | Orc:1    | Reached skill level 10 in Fighting
 21879 | Orc:2    | Found Fiuforib's Armour Emporium.
 21902 | Orc:2    | Found a staircase to the Elven Halls.
 22067 | Orc:2    | Found Utuanod's Food Shop.
 22202 | Orc:2    | Found Watigekk's Magic Scroll Boutique.
 22204 | Orc:2    | Found Withros's Distillery.
 23094 | Orc:2    | Noticed Sonja
 23100 | Orc:2    | Killed Sonja
 23338 | Elf:1    | Entered Level 1 of the Elven Halls
 23547 | Lair:1   | Killed Gastronok
 23547 | Lair:1   | Received a gift from Okawaru
 23547 | Lair:1   | Reached skill level 10 in Armour
 23547 | Lair:1   | Reached XP level 14. HP: 55/99 MP: 10/16
 23554 | Lair:1   | Got a brightly glowing robe {god gift}
 23565 | Lair:1   | Identified the +0 robe "Koorph" {*Slow MR- Regen+ Dex+8} (Okawaru gifted it to you on level 1 of the Lair of Beasts)
 27099 | Lair:2   | Reached skill level 12 in Shields
 27292 | Lair:3   | Found a staircase to the Shoals.
 28140 | Lair:3   | Received a gift from Okawaru
 28338 | Lair:3   | Found a hole to the Spider Nest.
 28377 | Lair:3   | Got a scorched hunting sling
 28378 | Lair:3   | Identified the +4 hunting sling of Winter {freeze, rC+ MP+9} (You found it on level 3 of the Lair of Beasts)
 28572 | Lair:3   | You fall through a shaft for 3 floors!
 28572 | Lair:6   | Entered Level 6 of the Lair of Beasts
 28777 | Lair:6   | Reached XP level 15. HP: 93/107 MP: 8/18
 28969 | Lair:6   | Received a gift from Okawaru
 28991 | Lair:6   | Got a faintly glowing quick blade {god gift}
 28992 | Lair:6   | Identified the +3 quick blade "Dragonslayer" {protect, Int+2 Dex+4} (Okawaru gifted it to you on level 6 of the Lair of Beasts)
 29319 | Lair:6   | Reached skill level 13 in Shields
 30089 | Lair:6   | Reached skill level 5 in Invocations
 30628 | Lair:6   | Found a viscous altar of Jiyva.
 30629 | Lair:6   | Found a staircase to the Slime Pits.
 31135 | Slime:1  | Entered Level 1 of the Pits of Slime
 31135 | Slime:1  | Noticed an acid blob
 31135 | Slime:1  | Noticed an acid blob
 31197 | Lair:5   | Received a gift from Okawaru
 32823 | Lair:4   | Received a gift from Okawaru
 33132 | Lair:4   | Noticed Urug
 33137 | Lair:4   | Killed Urug
 33395 | Lair:4   | Noticed Rupert
 33436 | Lair:4   | Killed Rupert
 34155 | Shoals:1 | Entered Level 1 of the Shoals
 34260 | Shoals:1 | Noticed Aizul
 34317 | Shoals:1 | Killed Aizul
 34317 | Shoals:1 | Reached XP level 16. HP: 40/116 MP: 18/20
 34850 | Shoals:1 | Found Ciolouh's Armour Shop.
 35468 | Shoals:1 | Noticed Kirke
 35490 | Shoals:1 | Reached skill level 14 in Shields
 35539 | Shoals:1 | Slain by a snapping turtle

Skill      XL: |  1  2  3  4  5  6  7  8  9 10 11 12 13 14 15 16 |
---------------+-------------------------------------------------+-----
Fighting       | 3 4 5 7 8 9 10 11 12 | 12.8
Short Blades   | 3 4 5 7 9 10 11 12 13 | 13.3
Dodging        | 1 2 3 4 6 7 |  7.8
Armour         | 4 5 6 8 9 10 11 | 11.7
Shields        | 4 5 6 7 8 9 11 12 13 14 | 14.0
Slings         | 3 4 8 10 11 12 13 | 13.9
Evocations     | 1 2 |  2.2
Invocations    | 1 2 3 4 5 |  5.6

Action                   |  1- 3 |  4- 6 |  7- 9 | 10-12 | 13-15 | 16-18 || total
-------------------------+-------+-------+-------+-------+-------+-------++-------
Melee: Rapier            |   117 |   220 |   242 |       |       |       ||   579
       Short sword       |       |       |     8 |   787 |  1018 |       ||  1813
       Quick blade       |       |       |       |       |   728 |   278 ||  1006
 Fire: Hunting sling     |       |    78 |   274 |   485 |   969 |    53 ||  1859
Invok: Heroism           |       |       |     1 |    15 |    28 |     4 ||    48
       Finesse           |       |       |       |     1 |    13 |     1 ||    15
Evoke: Wand              |       |       |     9 |     5 |     4 |     1 ||    19
  Use: Potion            |       |     1 |     1 |     6 |     4 |     4 ||    16
       Scroll            |       |    11 |     1 |     8 |     9 |     1 ||    30
 Stab: Paralysed         |       |       |     4 |       |       |       ||     4
       Distracted        |       |       |       |       |     1 |       ||     1
  Eat: Chunk             |     1 |     6 |    11 |    16 |    28 |     2 ||    64
       Ration            |       |     1 |     1 |     6 |     6 |       ||    14
Armor: Scale mail        |    25 |    61 |    77 |   146 |    74 |       ||   383
       Chain mail        |       |       |       |       |   177 |    47 ||   224
Dodge: Dodged            |    30 |    82 |    85 |   313 |   498 |    97 ||  1105
Block: Shield            |    49 |   118 |   165 |   467 |   784 |   173 ||  1756
